 Dungeon Crawl Stone Soup version 0.30-a0-354-g6b83867211 (webtiles) character file.

Game seed: 17715916351200271553

79 Low2 the Twirler (level 4, -1/46 HPs)
             Began as an Ogre Gladiator on Nov 8, 2022.
             Slain by a gnoll
             ... wielding a +0 spear
              (6 damage)
             ... on level 3 of the Dungeon.
             The game lasted 00:07:05 (2104 turns).

Low2 the Twirler (Ogre Gladiator)                   Turns: 2104, Time: 00:07:05

Health: -1/46      AC:  3    Str: 20    XL:     4   Next: 37%
Magic:  4/4        EV: 10    Int:  9    God:
Gold:   159        SH:  0    Dex: 10    Spells: 3/3 levels left

rFire   . . .      SeeInvis .    a - +0 quarterstaff
rCold   + . .      Faith    .    (shield currently unavailable)
rNeg    . . .      Spirit   .    b - +0 robe
rPois   +          Reflect  .    c - +0 hat
rElec   .          Harm     .    (no cloak)
rCorr   .          Rampage  .    (gloves unavailable)
Will    .....                    (boots unavailable)
Stlth   +.........               (no amulet)
HPRegen 0.27/turn                h - ring of poison resistance
MPRegen 0.09/turn                s - ring of protection from cold

@: no status effects
A: large, unfitting armour, tough skin 1
a: no special abilities


You were on level 3 of the Dungeon.
You visited 1 branch of the dungeon, and saw 3 of its levels.

You collected 159 gold pieces.

Inventory:

Hand Weapons
 a - a +0 quarterstaff (weapon)
Missiles
 e - a large rock
 m - 2 boomerangs (quivered)
 p - 16 poisoned darts
Armour
 b - a +0 robe (worn)
 c - a +0 hat (worn)
Jewellery
 h - a ring of poison resistance (left hand)
 s - a ring of protection from cold (right hand)
Scrolls
 i - a scroll of teleportation
 k - a scroll of amnesia
 l - a scroll of vulnerability {unknown}
 n - a scroll of fear {unknown}
 o - a scroll of magic mapping {unknown}
 u - a scroll of poison {unknown}
Potions
 f - a potion of flight
 g - 2 potions of magic
 j - a potion of might {unknown}
 r - a potion of curing {unknown}


   Skills:
 + Level 3.6 Fighting
 + Level 4.1 Staves
 + Level 2.1 Throwing
 + Level 3.1 Dodging
 + Level 0.4 Stealth


You had 3 spell levels left.
You didn't know any spells.
Your spell library contained the following spells:

 Spells                   Type           Power      Damage    Failure   Level
 Ignite Poison            Fire/Tmut/Pois 0%         N/A       77%         3
 Kindle Blastsparks       Fire/Tloc/Air  0%         2d10      77%         3
 Freezing Cloud           Conj/Ice/Air   0%         6-21      100%        5


Dungeon Overview and Level Annotations

Branches:
Dungeon (3/15)

Altars:


Innate Abilities, Weirdness & Mutations

You are too large for most types of armour.
You have tough skin. (AC +1)


Message History

Throw: 2 boomerangs
Press: ? - help, Q - select action, (/) - cycle Shift-Dir - straight line, f/p - gnoll
Aim: a gnoll, wielding a +0 halberd (moderately wounded, 61% to hit)
You throw a boomerang. The boomerang hits the gnoll.
The gnoll is moderately wounded.
The gnoll closely misses you. The gnoll hits you with a +0 club.
The gnoll hits you from afar with a +0 spear.
Throw: 2 boomerangs
Press: ? - help, Q - select action, (/) - cycle Shift-Dir - straight line, f/p - gnoll
Aim: a gnoll, wielding a +0 halberd (moderately wounded, 61% to hit)
You throw a boomerang.
The boomerang hits the gnoll but does no damage.
The gnoll is moderately wounded.
The gnoll hits you from afar with a +0 halberd.
* * * LOW HITPOINT WARNING * * *
The gnoll hits you from afar with a +0 spear.
* * * LOW HITPOINT WARNING * * *
You feel much better. The gnoll closely misses you.
The gnoll hits you with a +0 club. The gnoll hits you but does no damage.
You hit the gnoll but do no damage.
The gnoll is moderately wounded.
The gnoll misses you. The gnoll hits you with a +0 club.
The gnoll hits you from afar with a +0 spear.
You hit the gnoll but do no damage.
The gnoll is moderately wounded.
The gnoll hits you from afar with a +0 halberd.
The gnoll hits you with a +0 club.
The gnoll hits you from afar with a +0 spear.
You sock the gnoll!
The gnoll is almost dead.
The gnoll barely misses you. x2
The gnoll hits you from afar with a +0 spear!
You hit the gnoll.
You kill the gnoll!
The gnoll hits you from afar with a +0 halberd!
* * * LOW HITPOINT WARNING * * *
The gnoll misses you. The gnoll closely misses you.
The gnoll hits you from afar with a +0 spear.
You die...

....... ..!... ### ...⌠.
#... #... #.... # #..
#..._. #. #.##......
####.###.#g...... #.#.
.........)g..#### #...
####....@#..##... #.#.
####..##.# ##.#. #...###
##..#. #######....##
##..... #.)...).).⌠.##
##.⌠..##
#.#####).....#####.......
#.# #...............).#
#.# #.####.#####...##†#
#.# #.# #.# ###.....


You could see 2 gnolls.

Vanquished Creatures
  A gnoll (D:3)
  An adder (D:3)
  2 worms (D:2)
  2 dart slugs
  3 orcs (D:3)
  3 ball pythons (D:2)
  6 endoplasms
  2 giant cockroaches (D:2)
  3 goblins (D:1)
  4 hobgoblins
  3 jackals (D:2)
  A quokka (D:2)
  4 bats (D:1)
  3 frilled lizards
  4 kobolds
  3 rats
45 creatures vanquished.

Notes
Turn   | Place    | Note
-------+----------+-------------------------------------------
     0 | D:1      | Low2 the Ogre Gladiator began the quest for the Orb.
     0 | D:1      | Reached XP level 1. HP: 22/22 MP: 1/1
   176 | D:1      | Reached XP level 2. HP: 27/29 MP: 2/2
  1099 | D:2      | Reached XP level 3. HP: 16/36 MP: 3/3
  1900 | D:3      | Reached skill level 4 in Staves
  1900 | D:3      | Reached XP level 4. HP: 45/45 MP: 4/4
  2090 | D:3      | Found a faded altar of an unknown god.
  2104 | D:3      | Slain by a gnoll

Illustrated notes

Levels and vault maps discovered:
D:1:      lightli_molten_gateway, layout_basic
D:2:      layout_loops_ring
D:3:      layout_loops_ring, nicolae_overflow_ecumenical_swirl, serial_aquarium,
          aquarium_bridge_straight [aquarium_subvault_bridge,
          aquarium_subvault_wall, aquarium_subvault_bridge,
          aquarium_subvault_window], aquarium_window_fake,
          aquarium_window_double, aquarium_view_2d, aquarium_balcony_5b,
          minmay_increasing_density, uniq_terence, uniq_robin

Skill      XL: |  1  2  3 |
---------------+----------+-----
Fighting       | 3 |  3.6
Dodging        | 3 |  3.1
Staves         | 4 |  4.1
Throwing       | |  2.1
Stealth        | |  0.4

Action                   |  1- 3 |  4- 6 || total
-------------------------+-------+-------++-------
Melee: Quarterstaff      |   138 |    10 ||   148
Throw: Throwing net      |     4 |       ||     4
       Boomerang         |       |     8 ||     8
       Large rock        |       |     1 ||     1
  Use: Potion            |     1 |     1 ||     2
       Scroll            |     4 |       ||     4
 Stab: Held in net/web   |     2 |       ||     2
Armor: Robe              |    76 |     3 ||    79
Dodge: Dodged            |   116 |    15 ||   131

Table legend: (Time is in decaauts)
 A = Elapsed time spent in this place.
 B = Non-inter-level travel time spent in this place.
 C = Inter-level travel time spent in this place.
 D = Time resting spent in this place.
 E = Time spent auto-exploring this place.
 F = Levels seen in this place.
 G = Mean time per level.
                   A        B        C        D        E       F      G
               +--------+--------+--------+--------+--------+-----+--------+
         Total |   2123 |   2123 |      0 |    475 |      8 |   3 |  707.7 |
       Dungeon |   2123 |   2123 |      0 |    475 |      8 |   3 |  707.7 |
               +--------+--------+--------+--------+--------+-----+--------+

Top non-repeatable levels by time:
     D:1: 1098 daAuts
     D:2: 804 daAuts
     D:3: 220 daAuts
